 Dungeon Crawl Stone Soup version 0.29.1-1-gd02db6906a (webtiles) character file.

Game seed: 12258892079010150580

37 DemonSlayer the Firebug (level 3, -3/24 HPs)
             Began as a Demonspawn Fire Elementalist on Sept 28, 2022.
             Slain by a gnoll
             ... wielding a +0 spear
              (7 damage)
             ... on level 2 of the Dungeon.
             The game lasted 00:02:18 (1931 turns).

DemonSlayer the Firebug (DsFE)                      Turns: 1931, Time: 00:02:18

Health: -3/24      AC:  2    Str:  8    XL:     3   Next: 21%
Magic:  0/6        EV: 12    Int: 18    God:
Gold:   58         SH:  0    Dex: 13    Spells: 4/7 levels left

rFire   . . .      SeeInvis .   d - +0 dagger
rCold   . . .      Faith    .   (no shield)
rNeg    . . .      Spirit   .   a - +0 robe
rPois   .          Reflect  .   (no helmet)
rElec   .          Harm     .   (no cloak)
rCorr   .          Rampage  .   (no gloves)
Will    .....                   (no boots)
Stlth   ++........              m - amulet of the acrobat
HPRegen 0.08/turn               (no ring)
MPRegen 0.10/turn               (no ring)

@: very slightly contaminated, invisible
A: claws 1
a: no special abilities


You were on level 2 of the Dungeon.
You visited 1 branch of the dungeon, and saw 2 of its levels.

You collected 58 gold pieces.

Inventory:

Hand Weapons
 d - a +0 dagger (weapon)
Armour
 a - a +0 robe (worn)
Jewellery
 m - an amulet of the acrobat (around neck)
Scrolls
 c - a scroll of blinking {unknown}
 f - a scroll of acquirement {unknown}
 g - 2 scrolls of immolation {unknown}
 h - 2 scrolls of teleportation {unknown}
 i - a scroll of noise {unknown}
 k - a scroll of identify {unknown}
 l - a scroll of enchant armour {unknown}


   Skills:
 + Level 0.4 Short Blades
 + Level 1.8 Dodging
 + Level 2.0 Stealth
 + Level 2.5 Spellcasting
 + Level 1.5 Conjurations
 + Level 3.1 Fire Magic


You had 4 spell levels left.
You knew the following spells:

 Your Spells              Type           Power      Damage    Failure   Level
a - Foxfire               Conj/Fire      40%        2x1d6     7%          1
b - Scorch                Fire           26%        2d6       8%          2

Your spell library contained the following spells:

 Spells                   Type           Power      Damage    Failure   Level
 Conjure Flame            Conj/Fire      10%        6-21      21%         3
 Inner Flame              Hex/Fire       7%         N/A       26%         3
 Flame Wave               Conj/Fire      10%        2d6       54%         4


Dungeon Overview and Level Annotations

Branches:
Dungeon (2/15)

Altars:

Shops:
D:1 (


Innate Abilities, Weirdness & Mutations

You have sharp fingernails.


Message History

Your foxfire dissipates!
You hit the gnoll but do no damage.
The gnoll is moderately wounded.
The foxfire hits the gnoll.
The gnoll is moderately wounded.
You conjure some foxfire!
The gnoll hits you from afar with a +0 spear.
The foxfire hits the gnoll.
The gnoll is heavily wounded.
You conjure some foxfire!
The foxfire hits the gnoll.
The gnoll is severely wounded.
The gnoll barely misses you.
You hit the gnoll but do no damage.
The gnoll is severely wounded.
The foxfire hits the gnoll but does no damage.
The gnoll hits you with a +0 whip.
The gnoll hits you from afar with a +0 spear.
The gnoll closely misses you.
Found 11 gold pieces.
The gnoll attacks as you move away! The gnoll closely misses you.
The gnoll attacks as you move away! The gnoll completely misses you.
The gnoll attacks as you move away! The gnoll closely misses you.
The gnoll attacks as you move away! The gnoll completely misses you.
The gnoll attacks as you move away! The gnoll completely misses you.
You miscast Foxfire.
You are very lightly contaminated with residual magic.
Nothing appears to happen.
The gnoll misses you.
You conjure some foxfire!
The gnoll hits you with a +0 whip!
* * * LOW HITPOINT WARNING * * *
The foxfire hits the gnoll.
The gnoll is almost dead.
The foxfire hits the gnoll.
You kill the gnoll!
You have reached level 3!
Your experience leads to an increase in your attributes!
Increase (S)trength, (I)ntelligence, or (D)exterity?
You feel clever. x2
You fade into invisibility!
The gnoll hits you from afar with a +0 spear!
You die...

...............###g##
.................... #
#......##+#.##....
.#.##......#....#..g..
...........#....#.....
#..#...........#...#. .
#..$..#.......#.....
....#####gg.......#.....
.......@..........##.#..
#.......ยง............#..
...#........##...#...#..
# #........# ..........
#.........# .#...#..
#.......#.# .....
#.......#... #.......# ##


You could see 2 gnolls.

Vanquished Creatures
  A gnoll (D:2)
  An adder (D:2)
  A ball python (D:1)
  An endoplasm (D:2)
  A giant cockroach (D:1)
  A goblin (D:1)
  4 hobgoblins
  A bat (D:1)
  A frilled lizard (D:1)
  4 kobolds
  2 rats (D:1)
18 creatures vanquished.

Vanquished Creatures (others)
  62 foxfires
62 creatures vanquished.

Grand Total: 80 creatures vanquished

Notes
Turn   | Place    | Note
-------+----------+-------------------------------------------
     0 | D:1      | DemonSlayer the Demonspawn Fire Elementalist began the
                  | quest for the Orb.
     0 | D:1      | Reached XP level 1. HP: 13/13 MP: 3/3
   246 | D:1      | Found a faded altar of an unknown god.
   338 | D:1      | Found Ceorum's Weapon Emporium.
   900 | D:1      | Gained mutation: You have sharp fingernails. [demonic
                  | ancestry]
   900 | D:1      | Reached XP level 2. HP: 18/19 MP: 1/5
  1120 | D:1      | Learned a level 2 spell: Scorch
  1619 | D:2      | Reached skill level 3 in Fire Magic
  1931 | D:2      | Reached XP level 3. HP: 4/24 MP: 0/6
  1931 | D:2      | Slain by a gnoll

Illustrated notes

Levels and vault maps discovered:
D:1:      matt_arrival_grand_opening, layout_basic, serial_shops,
          nicolae_shop_trees, basic_ecumenical_altar
D:2:      layout_basic

Skill      XL: |  1  2 |
---------------+-------+-----
Stealth        | 2 |  2.0
Fire Magic     | 3 |  3.1
Short Blades   | |  0.4
Dodging        | |  1.8
Spellcasting   | |  2.5
Conjurations   | |  1.5

Action                   || total
-------------------------++-------
Melee: Dagger            ||    22
 Cast: Foxfire           ||    42
  Use: Potion            ||     4
 Stab: Invisible         ||     1
       Sleeping          ||     1
Armor: Robe              ||     3
Dodge: Dodged            ||    28
